 Dungeon Crawl Stone Soup version 0.22-a0-293-gc9362ec (webtiles) character file.

296654 Gorice the Impregnable (level 20, -1/182 HPs)
             Began as a Minotaur Fighter on Mar 24, 2018.
             Was the Champion of Zin.
             Killed from afar by a crystal guardian (22 damage)
             ... with a crystal bolt
             ... in the Desolation of Salt.
             The game lasted 04:10:21 (44846 turns).

Gorice the Impregnable (Minotaur Fighter)          Turns: 44846, Time: 04:10:22

Health: -1/182     AC: 41    Str: 23    XL:     20   Next: 8%
Magic:  27/27      EV:  6    Int: 10    God:    Zin [******]
Gold:   3562       SH:  0    Dex: 15    Spells: 19/19 levels left

rFire    . . .     SeeInvis +   a - +6 great sword
rCold    + . .     Gourm    .   (shield currently unavailable)
rNeg     . . .     Faith    .   P - +0 crystal plate armour
rPois    .         Spirit   .   J - +2 hat {SInv}
rElec    .         Reflect  .   D - +2 cloak {rC+}
rCorr    .         Harm     .   m - +2 pair of gloves {Dex+3}
MR       ++...                  S - +1 pair of boots
Stlth    ..........             v - amulet of regeneration
HPRegen  0.80/turn              M - ring of Cheibriados's Envy {MR+ SInv}
MPRegen  0.20/turn              I - +4 ring of protection

@: very slightly contaminated, very heavily drained
A: retaliatory headbutt, horns 2
}: 2/15 runes: decaying, gossamer
a: Recite, Vitalisation, Imprison, Sanctuary, Donate Gold, Renounce Religion


You were in the Desolation of Salt.
You worshipped Zin.
Zin was exalted by your worship.
You were very hungry.

You visited 7 branches of the dungeon, and saw 34 of its levels.
You also visited: Bailey, Ice Cave and Desolation.

You collected 4335 gold pieces.
You spent 568 gold pieces at shops.
You donated 205 gold pieces to Zin.

Inventory:

Hand Weapons
 a - a +6 great sword (weapon)
 b - the +8 longbow "Zephyr" {speed, Dex+3 SInv}
   (You found it on level 2 of the Lair of Beasts)

   Attacks with this weapon are significantly faster.
   It affects your dexterity (+3).
   It lets you see invisible.
 h - a +0 scimitar of flaming
   (You took it off Azrael on level 2 of the Orcish Mines)
 B - a +0 blowgun
 N - a +3 great sword of holy wrath
   (You took it off a vault guard on level 1 of the Vaults)
Missiles
 q - 12 curare-tipped needles
 A - 623 arrows
Armour
 m - a +2 pair of gloves of dexterity (worn)
   (You found it in an ice cave)
 D - a +2 cloak of cold resistance (worn)
   (You found it in an ice cave)
 H - the +4 plate armour of Gluttony {rElec Int+4}
   (You found it on level 1 of the Vaults)

   It affects your intelligence (+4).
   It insulates you from electricity.
 J - a +2 hat of see invisible (worn)
   (You took it off Gastronok on level 3 of the Lair of Beasts)
 P - a +0 crystal plate armour (worn)
 S - a +1 pair of boots (worn)
 T - a +2 plate armour of poison resistance
   (You took it off an orc warlord on level 1 of the Vaults)
Jewellery
 c - an uncursed ring of protection from cold
 f - an uncursed ring of fire
 p - an uncursed ring of poison resistance
 v - an amulet of regeneration (around neck)
 C - an uncursed ring of resist corrosion
 I - a +4 ring of protection (right hand)
 M - the ring of Cheibriados's Envy (left hand) {MR+ SInv}
   (You found it on level 5 of the Lair of Beasts)

   [ring of see invisible]

   It affects your resistance to hostile enchantments.
   It lets you see invisible.
Wands
 d - a wand of paralysis (38)
 F - a wand of digging (10)
 G - a wand of enslavement (12)
 O - a wand of iceblast (3)
 U - a wand of acid (5)
Scrolls
 e - 4 scrolls of fog
 i - 10 scrolls of teleportation {!r}
 k - a scroll of blinking
 r - 8 scrolls of remove curse
 w - 11 scrolls of identify
 y - 3 scrolls of summoning {!r}
 z - 2 scrolls of amnesia
 E - a scroll of magic mapping {!r}
 K - a scroll of brand weapon
 L - a scroll of fear {!r}
 V - a scroll of enchant weapon
Potions
 g - 2 potions of cancellation {!q}
 j - 4 potions of agility {!q}
 l - 6 potions of heal wounds {!q}
 n - 3 potions of invisibility {!q}
 o - 4 potions of resistance {!q}
 s - 2 potions of berserk rage
 t - 6 potions of curing
 x - 4 potions of haste {!q}
 R - 2 potions of might {!q}
Miscellaneous
 Q - a phial of floods
Comestibles
 u - 59 rations


   Skills:
 + Level 16.7(12.5) Fighting
 - Level 20.0(15.4) Long Blades
 - Level 14.0(10.0) Bows
 - Level 22.0(17.3) Armour
   Level 4.0(1.0) Shields
 + Level 11.0(7.3) Invocations
 + Level 9.5(5.9) Evocations


You had 19 spell levels left.
You didn't know any spells.

Dungeon Overview and Level Annotations

Branches:
Dungeon (15/15)            Temple (1/1) D:7            Lair (6/6) D:9
  Swamp (4/4) Lair:4       Spider (4/4) Lair:3        Slime (0/5) Lair:6
    Orc (2/2) D:9             Elf (0/3) Orc:2        Vaults (2/5) D:13
 Depths (0/5) D:15
  Crypt: Vaults:2-3

Altars:
Ashenzari
Cheibriados
Dithmenos
Elyvilon
Fedhas
Gozag
Hepliaklqana
Kikubaaqudgha
Makhleb
Nemelex Xobeh
Okawaru
Qazlal
Ru
Sif Muna
Trog
Uskayaw
Vehumet
Wu Jian
Xom
Yredelemnul
Zin
The Shining One
Beogh

Shops:
D:4 ?   D:7 =   D:9 !!   Orc:2 !=}%   Vaults:2 *


Innate Abilities, Weirdness & Mutations

You reflexively headbutt those who attack you in melee.
You have a pair of horns on your head.


Message History

The bolt of negative energy hits you!
You feel drained.
* * * LOW HITPOINT WARNING * * *
The ragged hierophant casts a spell at you.
A blast of power from the earth and the saltlings strikes you!
You slice the halazid warlock!! You headbutt the halazid warlock.
The halazid warlock is moderately damaged.
The saltling barely misses you. The saltling hits you.
* * * LOW HITPOINT WARNING * * *
The halazid warlock casts a spell at the ragged hierophant.
The ragged hierophant's animating energy erupts into ghostly fire!
The ghostly flame explodes!
The ghostly fireball engulfs the saltling.
The saltling completely resists.
The ghostly fireball engulfs the saltling.
The saltling completely resists.
The ghostly fireball engulfs you!
You feel drained.
* * * LOW HITPOINT WARNING * * *
Blink to where?
Press: ? - help, Dir - move target cursor You are very lightly contaminated with residual magic.
As you read the scroll of blinking, it crumbles to dust.
Damage: 93 (max 93) Really quaff
l - 7 potions of heal wounds {!q}?
You feel much better.
Really read
i - 12 scrolls of teleportation {!r}?
As you read the scroll of teleportation {!r}, it crumbles to dust.
You feel strangely unstable.
Your surroundings seem slightly different.
Unknown command.
The air resumes its normal movements.
Really read
i - 11 scrolls of teleportation {!r}?
As you read the scroll of teleportation {!r}, it crumbles to dust.
You feel strangely unstable.
The saltling hits you but does no damage. x2
The saltling hits you but does no damage.
A guardian serpent comes into view.
The saltling hits you but does no damage.
The guardian serpent casts a spell.
The saltling blinks! x2; The saltling hits you!
* * * LOW HITPOINT WARNING * * *
The saltling hits you but does no damage. x2
The saltling hits you.
* * * LOW HITPOINT WARNING * * *
The saltling hits you but does no damage.
Damage: 14 (max 93)
Your surroundings suddenly seem different.
A crystal guardian comes into view.
The crystal guardian fires a crystalline bolt at you.
The crystal bolt burns you!
You die...

## ## . .. ..
.. .##. ..
.#: .. .. #)
##.##
§..##8#).[#.#
§§...@...#
§##..8.[#.#
§§..##.##
§#.. .. #8
.#} ## .##.
.. .. .. §.


You could see a crystal guardian and a saltling.

Vanquished Creatures
  A bone dragon (Swamp:4)
  Arachne (Spider:3)
  Asterion (Spider:3)
  Gastronok (Lair:3)
  Frances (D:13)
  3 thorn hunters
  Kirke (D:12)
  Agnes (Spider:1)
  Donald (Orc:2)
  4 ghost moths
  An orc warlord (Vaults:1)
  A juggernaut zombie (D:15)
  A vault warden (Vaults:1)
  6 emperor scorpions (Spider:4)
  An ironheart preserver (Vaults:2)
  A very ugly thing (Vaults:1)
  6 entropy weavers
  A dire elephant (Lair:6)
  Azrael (Orc:2)
  A spark wasp (Spider:3)
  A blizzard demon (IceCv)
  A fire dragon (Lair:6)
  Josephine (D:13)
  A ragged hierophant (Desolation)
  A yaktaur captain (Vaults:1)
  A servant of whispers (Desolation)
  3 ghost crabs
  10 vault guards
  13 hydras
  Erolcha (D:10)
  A catoblepas (Lair:6)
  2 centaur warriors
  A death knight (Vaults:2)
  20 two-headed ogres
  4 ogre magi (Vaults:1)
  3 death yaks (Lair:6)
  13 alligators
  A tengu warrior (D:15)
  A dancing weapon (Orc:2)
  Urug (D:14)
  7 orc high priests
  A queen ant (Lair:6)
  Sonja (D:13)
  A golden dragon zombie (D:15)
  10 skeletal warriors
  4 unseen horrors
  A shadow wraith (Vaults:2)
  2 spriggan druids (Swamp:4)
  3 wizards
  A glowing orange brain (Vaults:1)
  5 deep trolls (Vaults:2)
  3 shambling mangroves
  3 spectral hydras (Swamp:4)
  4 swamp dragons
  2 unseen horrors (shapeshifter)
  3 lindwurms (Lair:6)
  Pikel (D:6)
  10 orc knights
  4 ironbrand convokers (Vaults:1)
  A deep elf archer (Vaults:1)
  20 orb spiders
  2 phantasmal warriors
  A deep elf mage (Vaults:1)
  A necromancer (D:15)
  14 ugly things
  4 oklob plants (Lair:2)
  7 cyclopes
  2 manticores (Lair:6)
  An orc sorcerer (Orc:2)
  34 wolf spiders
  4 moths of wrath
  An elephant (D:9)
  2 vault sentinels (Vaults:1)
  A frost giant skeleton (D:15)
  2 black mambas
  Psyche (D:9)
  4 torpor snails
  15 spiny frogs
  A centaur zombie (D:15)
  2 ice statues (IceCv)
  A yaktaur zombie (D:15)
  7 komodo dragons
  7 rime drakes
  2 kobold demonologists
  A freezing wraith (Vaults:1)
  13 ice devils (IceCv)
  3 yaktaurs (Vaults:1)
  10 demonic crawlers
  6 swamp worm zombies (Swamp:4)
  2 hydra zombies (Swamp:4)
  2 tengu conjurers
  12 trolls
  A polar bear (shapeshifter) (Vaults:1)
  36 jumping spiders
  A polar bear (Lair:5)
  2 meliai (shapeshifter)
  6 meliai (D:15)
  6 tyrant leeches
  14 hornets
  9 bog bodies
  6 saltlings (Desolation)
  34 slime creatures
  6 blink frogs
  3 alligator zombies (Swamp:4)
  The ghost of TheNamelessOne the Firebug, an amateur DsFE (D:4)
  11 dream sheep
  2 spectral swamp dragons (Swamp:4)
  12 hippogriffs
  A frost giant simulacrum (Vaults:1)
  82 redbacks
  3 spriggans
  29 yaks
  31 tarantellas
  3 shadows
  A vampire (D:10)
  4 wyverns
  A tarantella (shapeshifter) (D:14)
  A fire elemental (Orc:2)
  20 vampire mosquitoes
  7 wraiths
  3 basilisks (Lair:6)
  2 hungry ghosts
  2 steam dragons (Lair:6)
  Edmund (D:6)
  19 swamp worms
  3 acid dragons
  9 insubstantial wisps
  9 wargs
  24 soldier ants
  9 porcupines
  3 hell hounds (Orc:2)
  6 swamp drakes
  12 water moccasins
  A black bear (D:9)
  A sky beast (D:10)
  6 ice beasts
  38 orc warriors
  2 eyes of draining
  8 phantoms
  5 boggarts
  27 ogres
  3 wolves (Lair:4)
  20 centaurs
  5 swamp dragon zombies (Swamp:4)
  13 crocodiles
  Blork the orc (D:5)
  19 bullfrogs
  4 big kobolds
  The ghost of grindst0ne the Sneak, an amateur SpEn (D:3)
  A wyvern zombie (D:10)
  4 earth elementals (Spider:2)
  3 gnoll sergeants
  12 scorpions
  20 killer bees
  16 wights
  7 electric eels
  10 crimson imps
  5 bullfrog zombies
  6 hounds
  2 quasits
  3 centaur skeletons
  51 orc priests
  6 jellies
  19 orc wizards
  A gnoll shaman (D:5)
  3 bullfrog skeletons
  9 iguanas
  30 worker ants
  2 worker ant zombies
  A howler monkey zombie (D:6)
  A howler monkey skeleton (D:5)
  36 gnolls
  18 adders
  2 swamp drake zombies (Swamp:4)
  5 shadow imps
  8 white imps (IceCv)
  3 ufetubi (IceCv)
  2 adder skeletons (D:9)
  An adder zombie (D:5)
  3 oozes
  6 worms
  5 dart slugs (D:1)
  9 leopard geckos
  111 orcs
  6 bats
  9 giant cockroaches
  8 goblins
  14 hobgoblins
  13 jackals
  37 kobolds
  3 quokkas
  4 ball pythons
  6 frilled lizards
  2 leopard gecko skeletons
  14 rats
  A butterfly (Lair:6)
  A plant (Lair:2)
1495 creatures vanquished.

Vanquished Creatures (others)
  A spriggan druid (Swamp:2)
  A redback (Spider:2)
  A hungry ghost (D:12)
  A human (D:13)
  A warg (Orc:2)
  3 insubstantial wisps (Swamp:4)
  2 slaves (D:6)
  3 bullfrogs
  2 wights
  An orc wizard (D:6)
  A shadow imp (D:6)
  3 white imps (IceCv)
  4 ufetubi (IceCv)
  A worm (D:6)
  A leopard gecko (D:6)
  An orc (Orc:2)
  A kobold (D:11)
  A quokka (D:6)
  A jackal zombie (D:6)
  A quokka skeleton (D:6)
  A bush (Lair:5)
  6 fungi
  A pillar of salt (Vaults:2)
  8 plants
  5 withered plants (D:15)
52 creatures vanquished.

Grand Total: 1547 creatures vanquished

Notes
Turn   | Place    | Note
-------+----------+-------------------------------------------
     0 | D:1      | Gorice the Minotaur Fighter began the quest for the Orb.
     0 | D:1      | Reached XP level 1. HP: 19/19 MP: 0/0
    74 | D:1      | Reached XP level 2. HP: 26/27 MP: 1/1
   108 | D:1      | Reached skill level 4 in Fighting
   108 | D:1      | Reached skill level 3 in Long Blades
   108 | D:1      | Reached skill level 4 in Armour
   108 | D:1      | Reached skill level 4 in Shields
   129 | D:1      | Reached XP level 3. HP: 33/33 MP: 2/2
   805 | D:2      | Found a basalt altar of Yredelemnul.
   817 | D:2      | Reached skill level 4 in Long Blades
   863 | D:2      | Reached XP level 4. HP: 34/40 MP: 3/3
  1026 | D:2      | Reached skill level 5 in Long Blades
  1368 | D:2      | Reached XP level 5. HP: 36/46 MP: 4/4
  1373 | D:2      | Found an opulent altar of Gozag.
  1386 | D:2      | Found a shadowy altar of Dithmenos.
  1390 | D:2      | Found a hazy altar of Hepliaklqana.
  1856 | D:3      | Reached skill level 6 in Long Blades
  1901 | D:3      | Noticed grindst0ne's ghost (amateur SpEn)
  1942 | D:3      | Killed grindst0ne's ghost
  1976 | D:3      | Found a bloodstained altar of Trog.
  2187 | D:3      | Reached skill level 7 in Long Blades
  2187 | D:3      | Reached XP level 6. HP: 47/52 MP: 5/5
  2933 | D:4      | Found a snail-covered altar of Cheibriados.
  3065 | D:4      | Found Oxiutre's Magic Scroll Shoppe.
  3069 | D:4      | Bought a scroll of identify for 24 gold pieces
  3069 | D:4      | Bought a scroll of identify for 24 gold pieces
  3118 | D:4      | Reached skill level 8 in Long Blades
  3119 | D:4      | Noticed TheNamelessOne's ghost (amateur DsFE)
  3150 | D:4      | Killed TheNamelessOne's ghost
  3150 | D:4      | Reached skill level 9 in Long Blades
  3150 | D:4      | Reached XP level 7. HP: 51/59 MP: 6/6
  3620 | D:4      | Bought a scroll of identify for 24 gold pieces
  3620 | D:4      | Bought a scroll of identify for 24 gold pieces
  3620 | D:4      | Bought a scroll of identify for 24 gold pieces
  3646 | D:5      | Entered Level 5 of the Dungeon
  3688 | D:5      | Reached skill level 10 in Long Blades
  3930 | D:4      | Reached XP level 8. HP: 48/67 MP: 7/7
  3999 | D:5      | Reached skill level 5 in Fighting
  4070 | D:5      | Reached skill level 11 in Long Blades
  4070 | D:5      | HP: 20/69 [orc priest/divine providence (11)]
  4309 | D:5      | Reached skill level 6 in Fighting
  4430 | D:5      | Found a sacrificial altar of Ru.
  4680 | D:5      | Found a radiant altar of Vehumet.
  4686 | D:5      | Found a shattered altar of Ashenzari.
  4810 | D:5      | Found a shimmering altar of Xom.
  4926 | D:6      | Reached skill level 7 in Fighting
  4985 | D:6      | Found a deep blue altar of Sif Muna.
  5025 | D:6      | Noticed Pikel
  5043 | D:6      | Killed Pikel
  5043 | D:6      | Reached skill level 8 in Fighting
  5043 | D:6      | Reached skill level 12 in Long Blades
  5043 | D:6      | Reached XP level 9. HP: 49/81 MP: 8/8
  5221 | D:6      | Noticed Blork the orc
  5333 | D:5      | Killed Blork the orc
  5517 | D:6      | Reached skill level 9 in Fighting
  5518 | D:6      | Noticed Edmund
  5541 | D:6      | Killed Edmund
  5692 | D:6      | Reached skill level 13 in Long Blades
  5870 | D:6      | Found a white marble altar of Elyvilon.
  6328 | D:6      | Reached skill level 10 in Fighting
  6580 | D:7      | Reached XP level 10. HP: 79/94 MP: 9/9
  6775 | D:7      | Found Gitediy's Jewellery Emporium.
  7160 | D:7      | Found a staircase to the Ecumenical Temple.
  7169 | Temple   | Entered the Ecumenical Temple
  7231 | Temple   | Became a worshipper of Zin the Law-Giver
  7231 | Temple   | Reached * piety under Zin
  7382 | D:8      | Noticed a two-headed ogre
  7395 | D:8      | Killed a two-headed ogre
  7395 | D:8      | Reached skill level 11 in Fighting
  7395 | D:8      | Reached skill level 14 in Long Blades
  7428 | D:8      | Reached ** piety under Zin
  7464 | D:8      | Noticed a two-headed ogre
  7469 | D:8      | Killed a two-headed ogre
  7967 | D:9      | Found a staircase to the Orcish Mines.
  8087 | D:9      | Reached skill level 5 in Armour
  8114 | D:9      | Reached skill level 12 in Fighting
  8186 | D:9      | Noticed an elephant
  8201 | D:9      | Killed an elephant
  8201 | D:9      | Reached skill level 6 in Armour
  8218 | D:9      | Found a staircase to the Lair.
  8294 | D:9      | Found Nejaytit's Distillery.
  8335 | D:9      | Bought a potion of flight for 36 gold pieces
  8335 | D:9      | Bought a potion of heal wounds for 60 gold pieces
  8625 | D:9      | Reached skill level 7 in Armour
  8712 | D:9      | Reached XP level 11. HP: 101/104 MP: 10/10
  8785 | D:9      | Noticed Psyche
  8792 | D:9      | Killed Psyche
  8849 | D:9      | Noticed a two-headed ogre
  8859 | D:9      | Killed a two-headed ogre
  8859 | D:9      | Reached skill level 8 in Armour
  9051 | D:9      | Found Ceoh's Distillery.
  9227 | Lair:1   | Entered Level 1 of the Lair of Beasts
  9432 | Lair:1   | Reached skill level 9 in Armour
  9775 | Lair:1   | Reached skill level 13 in Fighting
  9875 | Lair:1   | Reached skill level 10 in Armour
 10404 | Lair:1   | Reached skill level 11 in Armour
 10507 | Lair:2   | Reached *** piety under Zin
 10724 | Lair:2   | Noticed an oklob plant
 10746 | Lair:2   | Noticed an oklob plant
 10746 | Lair:2   | Noticed an oklob plant
 10746 | Lair:2   | Noticed an oklob plant
 10747 | Lair:2   | Found the +8 longbow "Zephyr" {speed, Dex+3 SInv}
 10748 | Lair:2   | Identified the Catalogue of Scorching Earth
 10818 | Lair:2   | Reached XP level 12. HP: 99/116 MP: 11/11
 11018 | Lair:2   | Reached **** piety under Zin
 11318 | Lair:2   | Reached skill level 12 in Armour
 11346 | Lair:2   | HP: 34/116 [oklob plant/splash of acid (1)]
 11489 | Lair:2   | Reached skill level 14 in Fighting
 11566 | Lair:2   | Got a faintly glowing amethyst amulet
 11579 | Lair:2   | Identified the amulet "Puz Happ" {+Rage rC+} (You found it on level 2 of the Lair of Beasts)
 11794 | Lair:3   | Noticed a four-headed hydra
 11810 | Lair:3   | Killed a four-headed hydra
 11817 | Lair:3   | Reached skill level 13 in Armour
 11897 | Lair:3   | Found a hole to the Spider Nest.
 12033 | Lair:3   | Noticed Gastronok
 12079 | Lair:3   | Killed Gastronok
 13074 | Lair:4   | Reached skill level 14 in Armour
 13153 | Lair:4   | Found a staircase to the Swamp.
 13390 | Lair:4   | Reached ***** piety under Zin
 13807 | Lair:4   | Noticed a five-headed hydra
 13817 | Lair:4   | Killed a five-headed hydra
 14001 | Lair:5   | Reached skill level 15 in Fighting
 14036 | Lair:5   | HP: 30/119 [polar bear (16)]
 14242 | Lair:5   | Reached skill level 6 in Invocations
 14242 | Lair:5   | Reached XP level 13. HP: 126/126 MP: 11/16
 14528 | Lair:5   | Got a wavering lead ring
 14533 | Lair:5   | Identified the ring of Cheibriados's Envy {MR+ SInv} (You found it on level 5 of the Lair of Beasts)
 14835 | Lair:6   | Entered Level 6 of the Lair of Beasts
 14887 | Lair:6   | Reached skill level 15 in Armour
 14986 | Lair:6   | Reached XP level 14. HP: 92/135 MP: 17/17
 15196 | Lair:6   | Reached ****** piety under Zin
 15384 | Lair:6   | HP: 40/135 [dire elephant (7)]
 15565 | Lair:5   | Reached skill level 16 in Armour
 15730 | Lair:5   | Reached skill level 1 in Evocations
 15773 | Lair:6   | Found a staircase to the Slime Pits.
 15994 | Lair:6   | Reached skill level 2 in Evocations
 16133 | Lair:6   | Reached skill level 16 in Fighting
 16441 | Lair:6   | Reached skill level 3 in Evocations
 16699 | Lair:6   | Reached skill level 7 in Invocations
 16762 | Lair:6   | Noticed an entropy weaver
 16777 | Lair:6   | Noticed an entropy weaver
 16789 | Lair:6   | HP: 38/137 [entropy weaver (7)]
 17110 | Lair:6   | HP: 40/137 [entropy weaver (5)]
 17112 | Lair:6   | HP: 12/137 [entropy weaver (8)]
 17358 | Lair:5   | Killed an entropy weaver
 17358 | Lair:5   | Reached skill level 4 in Evocations
 17729 | Lair:6   | Killed an entropy weaver
 17729 | Lair:6   | Reached skill level 8 in Invocations
 17729 | Lair:6   | Reached skill level 5 in Evocations
 18037 | Lair:6   | HP: 37/137 [poisoned by a swamp dragon (poison gas)]
 18039 | Lair:6   | HP: 17/137 [poison (poison gas)]
 18528 | Lair:6   | HP: 35/137 [dire elephant (24)]
 18534 | Lair:6   | HP: 24/137 [rime drake (1)]
 19398 | D:5      | Found a sacrificial altar of Ru.
 19643 | D:5      | Found a radiant altar of Vehumet.
 19649 | D:5      | Found a shattered altar of Ashenzari.
 19784 | D:5      | Found a shimmering altar of Xom.
 20217 | Orc:1    | Entered Level 1 of the Orcish Mines
 20502 | Orc:1    | Reached skill level 6 in Evocations
 20587 | Orc:1    | Reached skill level 9 in Invocations
 20868 | Orc:2    | Entered Level 2 of the Orcish Mines
 20943 | Orc:2    | Found a staircase to the Elven Halls.
 20974 | Orc:2    | Noticed Donald
 20997 | Orc:2    | HP: 20/137 [Donald/eveningstar of draining (24)]
 21373 | Orc:2    | HP: 40/137 [warg (7)]
 21378 | Orc:2    | HP: 39/137 [poisoned by an orc priest]
 21380 | Orc:2    | HP: 17/137 [orc high priest/divine providence (17)]
 21383 | Orc:2    | Noticed Azrael
 21549 | D:10     | Entered Level 10 of the Dungeon
 21924 | D:10     | Paralysed by fainting for 8 turns
 22111 | D:10     | Noticed Erolcha
 22124 | D:10     | Killed Erolcha
 22222 | D:10     | Reached XP level 15. HP: 144/144 MP: 20/20
 22579 | D:11     | Reached skill level 7 in Evocations
 22676 | D:11     | Reached skill level 15 in Long Blades
 23361 | D:12     | Found a roughly hewn altar of Beogh.
 23702 | D:12     | Noticed Kirke
 23722 | D:12     | Killed Kirke
 24150 | D:12     | Reached skill level 16 in Long Blades
 24253 | D:12     | Reached skill level 8 in Evocations
 24277 | D:12     | Found a burning altar of Makhleb.
 24787 | D:13     | Identified the +0 rapier of an ice cave {holy, rElec rC+} (You found it on level 13 of the Dungeon)
 25105 | D:13     | Found a gate to the Vaults.
 25195 | D:13     | Noticed Frances
 25206 | D:13     | Killed Frances
 25206 | D:13     | Reached skill level 17 in Long Blades
 25327 | D:13     | Noticed Sonja
 25340 | D:13     | Killed Sonja
 25529 | D:13     | Noticed Josephine
 25545 | D:13     | Killed Josephine
 26369 | Orc:2    | Reached skill level 18 in Long Blades
 26417 | Orc:2    | Killed Azrael
 26444 | Orc:2    | Found a roughly hewn altar of Beogh.
 26468 | Orc:2    | Found Raobruv's Food Emporium.
 26468 | Orc:2    | Found Kaijoud's Gadget Boutique.
 26514 | Orc:2    | Found Asangyuv's Jewellery Emporium.
 26514 | Orc:2    | Found Olaneil's Distillery.
 26531 | Orc:2    | Bought a potion of cancellation for 112 gold pieces
 26632 | Orc:2    | HP: 43/144 [Donald/eveningstar of draining (8)]
 26643 | Orc:2    | HP: 26/144 [Donald/eveningstar of draining (10)]
 26649 | Orc:2    | HP: 9/144 [Donald/eveningstar of draining (12)]
 26812 | D:14     | Noticed Urug
 26820 | D:14     | Killed Urug
 26876 | D:14     | Found a flagged portal.
 26908 | Bailey   | Entered a bailey
 27176 | Bailey   | HP: 38/144 [gnoll/halberd of electrocution (20)]
 27198 | Bailey   | Reached skill level 19 in Long Blades
 27198 | Bailey   | Reached XP level 16. HP: 56/151 MP: 21/21
 27708 | D:14     | Reached XP level 17. HP: 153/158 MP: 22/22
 28036 | D:14     | Found a glowing golden altar of the Shining One.
 28410 | D:15     | Entered Level 15 of the Dungeon
 28639 | D:15     | Reached skill level 20 in Long Blades
 28677 | D:15     | HP: 47/158 [meliai/divine providence (12)]
 28740 | D:14     | HP: 46/158 [phantasmal warrior (21)]
 28743 | D:14     | HP: 19/158 [phantasmal warrior (19)]
 29109 | D:15     | Found a staircase to the Depths.
 29110 | D:15     | HP: 36/158 [??? (33)]
 29531 | D:15     | Found a shadowy altar of Dithmenos.
 29921 | Orc:2    | Killed Donald
 29921 | Orc:2    | Reached skill level 1 in Bows
 30289 | Orc:2    | Reached skill level 2 in Bows
 30351 | Orc:2    | Reached skill level 10 in Invocations
 30401 | Orc:2    | Bought an uncursed ring of poison resistance for 240 gold pieces
 30615 | Swamp:1  | Entered Level 1 of the Swamp
 30729 | Swamp:1  | Reached skill level 3 in Bows
 31000 | Swamp:1  | Reached skill level 4 in Bows
 31480 | Swamp:1  | HP: 46/158 [hornet (7)]
 31785 | Swamp:2  | Reached skill level 5 in Bows
 32108 | Swamp:2  | Reached skill level 17 in Armour
 32371 | Swamp:3  | Reached skill level 6 in Bows
 32756 | Swamp:3  | Reached skill level 7 in Bows
 33663 | Spider:1 | Entered Level 1 of the Spider Nest
 33959 | Spider:1 | Reached skill level 8 in Bows
 34273 | Spider:1 | Reached skill level 18 in Armour
 34481 | Spider:1 | Noticed Agnes
 34494 | Spider:1 | Killed Agnes
 34501 | Spider:1 | Reached XP level 18. HP: 134/166 MP: 24/24
 34659 | Spider:1 | Reached skill level 9 in Bows
 34662 | Spider:1 | Found a roughly hewn altar of Beogh.
 34871 | Spider:2 | Found a frozen archway.
 34883 | IceCv    | Entered an ice cave
 35279 | IceCv    | Found the +6 shillelagh "Devastator" {shatter}
 35608 | Spider:2 | Reached skill level 10 in Bows
 36388 | Spider:2 | Reached skill level 19 in Armour
 36825 | Spider:3 | Reached skill level 11 in Bows
 36839 | Spider:3 | Noticed Arachne
 36856 | Spider:3 | Killed Arachne
 37222 | Spider:3 | Noticed Asterion
 37363 | Spider:3 | Killed Asterion
 38188 | Swamp:4  | Entered Level 4 of the Swamp
 38313 | Swamp:3  | Reached skill level 12 in Bows
 38754 | Swamp:4  | Reached skill level 20 in Armour
 39478 | Swamp:4  | HP: 48/165 [phantasmal warrior (12)]
 39682 | Swamp:4  | Noticed a bone dragon
 39691 | Swamp:4  | HP: 44/165 [bone dragon (8)]
 39927 | Swamp:4  | Killed a bone dragon
 39927 | Swamp:4  | Reached XP level 19. HP: 147/171 MP: 25/25
 40062 | Swamp:4  | Got a decaying rune of Zot
 40493 | Spider:4 | Entered Level 4 of the Spider Nest
 40622 | Spider:4 | HP: 51/170 [poisoned by a redback]
 40627 | Spider:4 | HP: 44/170 [poisoned by a redback]
 40632 | Spider:4 | HP: 39/170 [poisoned by a redback]
 40637 | Spider:4 | HP: 37/170 [poisoned by a redback]
 40643 | Spider:4 | HP: 37/170 [poisoned by a redback]
 40649 | Spider:4 | HP: 38/170 [poisoned by a redback]
 40654 | Spider:3 | HP: 40/170 [poisoned by a redback]
 40662 | Spider:3 | HP: 43/170 [poisoned by a redback]
 40670 | Spider:3 | HP: 48/170 [poisoned by a redback]
 40911 | Spider:4 | Reached skill level 21 in Armour
 41168 | Spider:4 | HP: 39/172 [disintegration (25)]
 41297 | Spider:4 | Reached skill level 13 in Bows
 41449 | Spider:4 | Got a gossamer rune of Zot
 42398 | Vaults:1 | Entered Level 1 of the Vaults
 42822 | Vaults:1 | Identified the +4 plate armour of Gluttony {rElec Int+4} (You found it on level 1 of the Vaults)
 43104 | Vaults:1 | Reached skill level 14 in Bows
 43129 | Vaults:1 | Reached skill level 22 in Armour
 43927 | Vaults:2 | Reached skill level 9 in Evocations
 44082 | Vaults:2 | HP: 45/174 [orc warrior/halberd (30)]
 44089 | Vaults:2 | HP: 44/174 [orc warrior/halberd (17)]
 44102 | Vaults:2 | HP: 43/174 [troll (9)]
 44200 | Vaults:2 | HP: 51/174 [orc knight/bolt (6)]
 44302 | Vaults:2 | Found Dycwogoe's Assorted Antiques.
 44425 | Vaults:1 | Reached XP level 20. HP: 177/182 MP: 27/27
 44567 | Vaults:2 | Reached skill level 11 in Invocations
 44596 | Vaults:2 | Found a ruined gateway.
 44606 | Desolati | Entered the Desolation of Salt
 44812 | Desolati | Identified Sif Muna's Handbook of Enthralling Stolen Souls
 44815 | Desolati | Identified Libyotwabe's Volume of Lucky Changing
 44830 | Desolati | HP: 45/182 [halazid warlock/bolt of negative energy (23)]
 44831 | Desolati | HP: 7/182 [halazid warlock/ghostly fireball (36)]
 44845 | Desolati | HP: 26/182 [saltling (9)]
 44846 | Desolati | Killed from afar by a crystal guardian

Vault maps used:
D:1:      roderic_chinese_lattice_arrival, kennysheep_crisscross
D:2:      yredelemnul_altar_generic, minmay_overflow_temple_star_quad,
          minmay_hexomino_c4
D:3:      lemuel_round_altar
D:4:      cheibriados_altar_1, serial_shops, shop
D:5:      nicolae_overflow_crystal_walls, amethyst_overflow_temple_binary,
          tgw_xom, first_ration
D:6:      kennysheep_windowed_halls, lemuel_crystal_altar, elyvilon_altar_1,
          kennysheep_generic_room_5, uniq_edmund, uniq_pikel, uniq_blork_the_orc
D:7:      minmay_temple_entry_nine_rooms, serial_shops,
          nicolae_shop_window_shopping
D:8:      grunt_ogre_cave
D:9:      david_lair_generic, orc_0_dummy, serial_shops, shop,
          nicolae_shop_crystal, uniq_psyche
D:10:     uniq_erolcha
D:12:     special_room, makhleb_altar_promises_db, uniq_kirke
D:13:     erik_vaults_2, uniq_sonja, uniq_frances, uniq_josephine
D:14:     enter_bailey_3, tso_altar, uniq_urug
D:15:     gammafunk_depths_entry_grave, grunt_dithmenos_smoke_and_mirrors,
          lemuel_old_faithful
Temple:   eino_temple_lava
Lair:2:   minmay_lair_oklob_chamber, grunt_megastairs_5, lemuel_fruit_tree
Lair:3:   nicolae_spider_entry_non_spiders, uniq_gastronok
Lair:4:   swamp_mist_pool, serial_bayou_lagoon_b, serial_bayou_shore_a
Lair:5:   st_stairs_5
Lair:6:   guppyfry_lair_end_dragon, hangedman_lair_in_review,
          minmay_slime_entry_pillars, minivault_29, lemuel_fruit_fields
Swamp:1:  evilmike_swamp_ruin_house_3
Swamp:2:  evilmike_swamp_ruin_house_4
Swamp:3:  nicolae_swamp_fairy_circle, swamp_pool2
Swamp:4:  swamp_pestilence, swamp_pool4
Spider:1: nicolae_spider_mines_2, spider_trap, uniq_agnes
Spider:2: portal_ice_cave_entry_pillars_three, hangedman_stitches_earthworm
Spider:3: nicolae_arachne_temple, uniq_asterion
Spider:4: grunt_spider_rune_circles
Orc:2:    st_orc_town, sword_in_stone, uniq_donald, uniq_azrael
Vaults:1: ontoclasm_vaults_spin, v_misc_17, v_misc_32,
          hangedman_vaults_stitches, nicolae_vaults_shelves_hall,
          hangedman_vaults_corner_blocks, ontoclasm_vaults_gallery,
          ontoclasm_vaults_loading_screen, vaults_room_semicircle,
          nicolae_vaults_little_squares_5, v_misc_19
Vaults:2: hangedman_vaults_locks, ontoclasm_vaults_pinch, v_misc_4, v_rooms_6,
          nicolae_vaults_circle_grid_a, ontoclasm_vaults_shuriken, v_misc_5,
          nicolae_vaults_little_squares_2, nicolae_vaults_three_branches,
          vaults_mumra_hex, special_room_vaults, vaults_room_pools,
          portal_desolation_entry_garden, serial_shops, nicolae_shop_stone
Bailey:   bailey_axe_2, bailey
IceCv:    ice_cave_small_demon

Skill      XL: |  1  2  3  4  5  6  7  8  9 10 11 12 13 14 15 16 17 18 19 20 |
---------------+-------------------------------------------------------------+-----
Fighting       | 4 8 10 12 13 15 16 | 16.7
Long Blades    | 3 4 5 7 9 10 12 13 14 19 20 | 20.0
Armour         | 4 7 11 14 15 16 18 20 22 | 22.0
Shields        | 4 |  4.0
Invocations    | 6 9 10 11 | 11.0
Evocations     | 6 8 9 |  9.5
Bows           | 8 12 14 | 14.0

Action                   |  1- 3 |  4- 6 |  7- 9 | 10-12 | 13-15 | 16-18 | 19-21 || total
-------------------------+-------+-------+-------+-------+-------+-------+-------++-------
Melee: Long sword        |    69 |   215 |   357 |   814 |  1014 |       |       ||  2469
       Headbutt          |     8 |    31 |    84 |   215 |   522 |   367 |   202 ||  1429
       Short sword       |       |       |       |    14 |     9 |       |       ||    23
       Scimitar          |       |       |       |       |   713 |    34 |       ||   747
       Great sword       |       |       |       |       |   366 |  1364 |   672 ||  2402
 Fire: Longbow           |       |       |       |       |   259 |   578 |   283 ||  1120
Throw: Stone             |     1 |    19 |    42 |     5 |       |       |       ||    67
       Tomahawk          |       |       |     3 |    34 |     6 |     3 |       ||    46
       Throwing net      |       |       |       |       |     5 |     4 |     1 ||    10
Invok: Vitalisation      |       |       |       |       |     1 |       |       ||     1
       Recite            |       |       |       |       |     1 |     4 |     1 ||     6
Evoke: Wand              |       |       |     1 |     3 |    10 |     5 |     1 ||    20
  Use: Scroll            |     4 |     9 |     5 |    11 |    16 |    11 |     6 ||    62
       Potion            |       |     2 |       |     3 |     9 |     1 |     3 ||    18
 Stab: Paralysed         |       |       |       |     4 |    12 |     1 |     3 ||    20
       Invisible         |       |       |       |     1 |     1 |     1 |       ||     3
       Petrified         |       |       |       |       |     4 |       |       ||     4
       Held in net/web   |       |       |       |       |     2 |       |       ||     2
  Eat: Chunk             |       |     7 |    12 |    22 |    34 |    28 |     6 ||   109
       Ration            |       |       |       |     1 |     4 |     4 |     3 ||    12
Armor: Scale mail        |    35 |     9 |       |       |       |       |       ||    44
       Swamp dragon scal |       |    69 |    75 |    93 |       |       |       ||   237
       Crystal plate arm |       |       |       |   310 |  2014 |  1783 |   788 ||  4895
Dodge: Dodged            |    11 |    56 |    93 |   124 |   433 |   467 |   226 ||  1410
Block: Shield            |    36 |    91 |   148 |   262 |   384 |       |       ||   921
       Rpst.: Long sword |     1 |    12 |    24 |    39 |    30 |       |       ||   106
       Scimitar          |       |       |       |       |    51 |     2 |       ||    53
       Great sword       |       |       |       |       |    18 |    92 |    52 ||   162

Table legend:
 A = Spawn XP
 B = Non-spawn XP
 C = Spawn XP percentage of total XP
 D = Spawn monster count
 E = Non-spawn monster count
 F = Spawn count percentage of total count
 G = Total turns spent on level
                    A         B        C        D         E        F      G
               +---------+---------+-------+---------+---------+-------+---------
         Total |       0 |  397331 |   0.0 |       0 |    1500 |   0.0 | 44846
               +---------+---------+-------+---------+---------+-------+---------
           D:1 |       0 |      75 |   0.0 |       0 |      28 |   0.0 |   842
           D:2 |       0 |     151 |   0.0 |       0 |      34 |   0.0 |  1020
           D:3 |       0 |     206 |   0.0 |       0 |      21 |   0.0 |  1071
           D:4 |       0 |     826 |   0.0 |       0 |      19 |   0.0 |  1173
           D:5 |       0 |    1204 |   0.0 |       0 |      50 |   0.0 |  1906
           D:6 |       0 |    2841 |   0.0 |       0 |      50 |   0.0 |  1489
           D:7 |       0 |     836 |   0.0 |       0 |      16 |   0.0 |   891
           D:8 |       0 |    2491 |   0.0 |       0 |      14 |   0.0 |   738
           D:9 |       0 |    4991 |   0.0 |       0 |      49 |   0.0 |  1713
          D:10 |       0 |    4014 |   0.0 |       0 |      37 |   0.0 |  1155
          D:11 |       0 |    5351 |   0.0 |       0 |      43 |   0.0 |  1010
          D:12 |       0 |   12551 |   0.0 |       0 |      54 |   0.0 |  1252
          D:13 |       0 |   19539 |   0.0 |       0 |      56 |   0.0 |  1255
          D:14 |       0 |   12784 |   0.0 |       0 |      36 |   0.0 |  1393
          D:15 |       0 |    9707 |   0.0 |       0 |      23 |   0.0 |   917
        Lair:1 |       0 |    6084 |   0.0 |       0 |      30 |   0.0 |  1568
        Lair:2 |       0 |    5606 |   0.0 |       0 |      19 |   0.0 |  1364
        Lair:3 |       0 |   10258 |   0.0 |       0 |      31 |   0.0 |  1816
        Lair:4 |       0 |    2713 |   0.0 |       0 |      13 |   0.0 |  1166
        Lair:5 |       0 |    8617 |   0.0 |       0 |      43 |   0.0 |  1514
        Lair:6 |       0 |   26395 |   0.0 |       0 |      88 |   0.0 |  3375
       Swamp:1 |       0 |   11492 |   0.0 |       0 |      23 |   0.0 |  1037
       Swamp:2 |       0 |    9635 |   0.0 |       0 |      35 |   0.0 |   785
       Swamp:3 |       0 |   20889 |   0.0 |       0 |      43 |   0.0 |  1392
       Swamp:4 |       0 |   26258 |   0.0 |       0 |      63 |   0.0 |  1698
      Spider:1 |       0 |   14721 |   0.0 |       0 |      33 |   0.0 |   830
      Spider:2 |       0 |   24699 |   0.0 |       0 |      70 |   0.0 |  1417
      Spider:3 |       0 |   24347 |   0.0 |       0 |      55 |   0.0 |  1371
      Spider:4 |       0 |   34749 |   0.0 |       0 |      76 |   0.0 |  1514
         Orc:1 |       0 |    3020 |   0.0 |       0 |      38 |   0.0 |   891
         Orc:2 |       0 |   14508 |   0.0 |       0 |     107 |   0.0 |  1746
      Vaults:1 |       0 |   47855 |   0.0 |       0 |      89 |   0.0 |  1677
      Vaults:2 |       0 |   17723 |   0.0 |       0 |      44 |   0.0 |   531
        Bailey |       0 |     890 |   0.0 |       0 |      34 |   0.0 |   505
         IceCv |       0 |    5615 |   0.0 |       0 |      28 |   0.0 |   513
    Desolation |       0 |    3690 |   0.0 |       0 |       8 |   0.0 |   240
               +---------+---------+-------+---------+---------+-------+---------

Table legend:
 A = Turns spent in this place as a percentage of turns spent in the entire game.
 B = Non-inter-level travel turns spent in this place as a percentage of non-inter-level travel turns spent in the entire game.
 C = Inter-level travel turns spent in this place as a percentage of turns spent in this place.
 D = Turns resting spent in this place as a percentage of non-inter-level travel turns spent in this place.
 E = Turns spent auto-exploring this place as a percentage of non-inter-level travel turns spent in this place.
 F = Non-inter-level travel turns spent in this place divided by the number of levels of this place that you've seen.
                   A       B       C       D       E      F
               +-------+-------+-------+-------+-------+----------------------
         Total | 100.0 | 100.0 |   8.5 |  15.7 |  39.8 | 1109.6
       Dungeon |  39.7 |  39.0 |  10.3 |  10.0 |  51.1 | 1066.1
        Temple |   0.2 |   0.2 |   0.0 |   0.0 |  77.5 |  71.0
          Lair |  24.1 |  23.8 |   9.7 |  25.5 |  37.6 | 1625.8
         Swamp |  11.0 |  11.2 |   6.1 |  18.2 |  37.1 | 1153.2
   Spider Nest |  11.4 |  12.0 |   4.2 |  14.6 |  28.3 | 1229.5
  Orcish Mines |   5.9 |   5.9 |   8.6 |  13.6 |  23.9 | 1205.5
        Vaults |   4.9 |   5.0 |   7.8 |   5.6 |  33.1 | 1018.0
        Bailey |   1.1 |   1.2 |   0.0 |  33.7 |  11.7 | 505.0
      Ice Cave |   1.1 |   1.2 |   0.0 |  15.4 |   5.8 | 513.0
    Desolation |   0.5 |   0.6 |   0.0 |  50.8 |   0.0 | 240.0
               +-------+-------+-------+-------+-------+----------------------

Vault maps used:
D:1:      roderic_chinese_lattice_arrival, kennysheep_crisscross
D:2:      yredelemnul_altar_generic, minmay_overflow_temple_star_quad,
          minmay_hexomino_c4
D:3:      lemuel_round_altar
D:4:      cheibriados_altar_1, serial_shops, shop
D:5:      nicolae_overflow_crystal_walls, amethyst_overflow_temple_binary,
          tgw_xom, first_ration
D:6:      kennysheep_windowed_halls, lemuel_crystal_altar, elyvilon_altar_1,
          kennysheep_generic_room_5, uniq_edmund, uniq_pikel, uniq_blork_the_orc
D:7:      minmay_temple_entry_nine_rooms, serial_shops,
          nicolae_shop_window_shopping
D:8:      grunt_ogre_cave
D:9:      david_lair_generic, orc_0_dummy, serial_shops, shop,
          nicolae_shop_crystal, uniq_psyche
D:10:     uniq_erolcha
D:12:     special_room, makhleb_altar_promises_db, uniq_kirke
D:13:     erik_vaults_2, uniq_sonja, uniq_frances, uniq_josephine
D:14:     enter_bailey_3, tso_altar, uniq_urug
D:15:     gammafunk_depths_entry_grave, grunt_dithmenos_smoke_and_mirrors,
          lemuel_old_faithful
Temple:   eino_temple_lava
Lair:2:   minmay_lair_oklob_chamber, grunt_megastairs_5, lemuel_fruit_tree
Lair:3:   nicolae_spider_entry_non_spiders, uniq_gastronok
Lair:4:   swamp_mist_pool, serial_bayou_lagoon_b, serial_bayou_shore_a
Lair:5:   st_stairs_5
Lair:6:   guppyfry_lair_end_dragon, hangedman_lair_in_review,
          minmay_slime_entry_pillars, minivault_29, lemuel_fruit_fields
Swamp:1:  evilmike_swamp_ruin_house_3
Swamp:2:  evilmike_swamp_ruin_house_4
Swamp:3:  nicolae_swamp_fairy_circle, swamp_pool2
Swamp:4:  swamp_pestilence, swamp_pool4
Spider:1: nicolae_spider_mines_2, spider_trap, uniq_agnes
Spider:2: portal_ice_cave_entry_pillars_three, hangedman_stitches_earthworm
Spider:3: nicolae_arachne_temple, uniq_asterion
Spider:4: grunt_spider_rune_circles
Orc:2:    st_orc_town, sword_in_stone, uniq_donald, uniq_azrael
Vaults:1: ontoclasm_vaults_spin, v_misc_17, v_misc_32,
          hangedman_vaults_stitches, nicolae_vaults_shelves_hall,
          hangedman_vaults_corner_blocks, ontoclasm_vaults_gallery,
          ontoclasm_vaults_loading_screen, vaults_room_semicircle,
          nicolae_vaults_little_squares_5, v_misc_19
Vaults:2: hangedman_vaults_locks, ontoclasm_vaults_pinch, v_misc_4, v_rooms_6,
          nicolae_vaults_circle_grid_a, ontoclasm_vaults_shuriken, v_misc_5,
          nicolae_vaults_little_squares_2, nicolae_vaults_three_branches,
          vaults_mumra_hex, special_room_vaults, vaults_room_pools,
          portal_desolation_entry_garden, serial_shops, nicolae_shop_stone
Bailey:   bailey_axe_2, bailey
IceCv:    ice_cave_small_demon
